AoeStats
← 用户1623433

Black Forest

509616534Analyzed
4v4 RM · 6d ago on Sep 27, 2026· 38m 7s· 8 players
Game mode
Random Map
Map size
Large (8 player)
Population
200
Speed
Normal
Resources
Standard
Victory
Conquest
Starting age
Dark Age
Ending age
Imperial Age
RankedLock teamsTeams togetherTeam positionsShared explorationLock speedFull tech treeHidden civsTurbo modeCheats
Victory
Defeat
🇨🇴 Khmer · Colombia
1248
+17
🇧🇷 Celts · Brazil
1181
+19
🇬🇧 Persians · United Kingdom
1157
+20
🇨🇳 Turks · China
1156
+21
🇮🇳 Turks · India
1290
-20
🇭🇰 Saxons · Hong Kong SAR China
1256
-19
🇨🇳 Vietnamese · China
1245
-19
🇭🇰 Bohemians · Hong Kong SAR China
1241
-19
YYS
8:15 Loom
12:00 Feudal Age
15:51 Castle Age
15:26 Double-Bit Axe
15:24 Horse Collar
16:52 Bow Saw
18:05 Fervor
21:09 Wheelbarrow
25:12 Heavy Plow
25:55 Hand Cart
32:29 Imperial Age
31:36 Chemistry
33:01 Houfnice
34:59 Siege Engineers
35:35 Wagenburg Tactics
35:51 Conscription
35:40 Pikeman
36:22 Squires
36:08 Arson
36:44 Halberdier
37:28 Scale Mail Armor
37:39 Forging
Theodore
0:43 Loom
10:16 Feudal Age
10:24 Man-at-Arms
11:40 Arson
17:36 Double-Bit Axe
17:31 Horse Collar
18:09 Town Watch
20:37 Castle Age
18:55 Double-Bit Axe
18:50 Horse Collar
26:55 Wheelbarrow
26:58 Heavy Plow
27:28 Gold Mining
34:08 Imperial Age
31:50 Bow Saw
31:46 Scale Mail Armor
31:56 Forging
33:20 Chain Mail Armor
33:08 Squires
34:14 Hand Cart
33:50 Stone Mining
34:44 Iron Casting
34:49 Gold Shaft Mining
34:23 Onager
36:21 Plate Mail Armor
36:13 Siege Engineers
36:25 Hand Cart
37:27 Elite Varangian Guard
网恋被骗700块
10:57 Feudal Age
21:30 Castle Age
19:27 Double-Bit Axe
20:37 Stone Mining
24:16 Wheelbarrow
24:01 Bow Saw
23:36 Horse Collar
26:07 Loom
27:22 Hand Cart
29:12 Elite Skirmisher
30:10 Fletching
30:20 Padded Archer Armor
31:55 Forging
31:45 Scale Mail Armor
31:09 Pikeman
31:51 Squires
36:14 Iron Casting
35:55 Chain Mail Armor
35:37 Bodkin Arrow
35:57 Leather Archer Armor
ayushdy2004
1:07 Loom
14:26 Feudal Age
18:21 Castle Age
17:05 Double-Bit Axe
22:34 Imperial Age
22:01 Bow Saw
SATOLEP
4:58 Loom
12:23 Feudal Age
12:56 Double-Bit Axe
22:50 Castle Age
21:07 Fishing Lines
24:25 Gold Mining
25:05 Bloodlines
24:56 Husbandry
27:03 Wheelbarrow
28:08 Scale Barding Armor
28:13 Forging
29:24 Gold Shaft Mining
29:11 Chain Barding Armor
29:02 Gillnets
32:12 Imperial Age
33:39 Iron Casting
32:26 Elite Battle Elephant
34:46 Horse Collar
36:15 Blast Furnace
35:52 Plate Barding Armor
36:14 Hand Cart
Starscream
10:28 Feudal Age
14:05 Castle Age
12:46 Double-Bit Axe
14:20 Horse Collar
19:36 Bloodlines
20:04 Bow Saw
21:17 Scale Barding Armor
21:33 Husbandry
25:06 Wheelbarrow
25:25 Heavy Plow
26:16 Fishing Lines
26:39 Gold Mining
27:08 Stone Mining
27:28 Gillnets
31:02 Imperial Age
28:54 Hand Cart
29:20 Forging
30:27 Gold Shaft Mining
30:34 Chain Barding Armor
31:56 Plate Barding Armor
32:03 Iron Casting
30:57 Cavalier
32:45 Light Cavalry
33:14 Loom
33:15 Town Watch
33:13 Savar
36:05 Chemistry
35:02 Murder Holes
35:19 Masonry
37:28 Blast Furnace
36:19 Fletching
36:50 Ballistics
vem mama uvinha
12:08 Feudal Age
16:16 Castle Age
16:27 Double-Bit Axe
19:53 Horse Collar
29:02 Loom
34:17 Gold Mining
34:18 Stone Mining
38:08 Imperial Age
用户1623433
12:37 Feudal Age
15:09 Double-Bit Axe
17:54 Castle Age
22:41 Imperial Age
21:56 Gold Mining
36:08 Wheelbarrow
36:43 Bow Saw
38:55 Two-Man Saw
Connection lost

Rejoining the realm…

Still unreachable

The connection could not be restored.

Session expired

The server has moved on; the page needs a fresh start.